[Event "ITT 1st Parada Jamundi 2022"]
[Site "Jamundi Valle"]
[Date "2022.12.09"]
[Round "6.14"]
[White "Contreras, Camilo Andres"]
[Black "Renteria, Rolando"]
[Result "0-1"]
[ECO "C41"]
[WhiteElo "1848"]
[BlackElo "2046"]
[Annotator "TA"]
[PlyCount "96"]
[EventDate "2022.12.05"]
[EventType "swiss"]
[EventCountry "COL"]
[SourceTitle "playchess.com"]
[Source "ChessBase"]
[SourceQuality "1"]
[TimeControl "5400+30"]

1. e4 e5 2. Nf3 d6 3. d4 Nd7 4. Nc3 c6 5. Be3 Ngf6 6. h3 Be7 {[%emt 0:00:07] C41: Philidor Defence.} 7. a4 O-O 8. Be2 b6 {[%emt 0:00:43][%cal Bb7b6,Bb6b5,Bb5b4][%mdl 32] The position is equal. has lost popularity (8...Re8).} 9. O-O a6 10. g4 Bb7 {[%emt 0:04:42] [#]} 11. g5 $146 (11. dxe5 $5 dxe5 12. g5 $11) ({Predecessor:} 11. Qd2 exd4 12. Qxd4 c5 13. Qc4 Nxe4 14. Nd5 Nef6 15. Nxe7+ Qxe7 16. g5 Ne4 17. Rad1 {0-1 (55) Lewandowski,M (2108)-Stepien,M (2111) Ustron 2009}) 11... Ne8 12. h4 b5 13. Qd2 (13. axb5 $11 axb5 14. Rxa8 Qxa8 15. dxe5) 13... b4 $15 14. Na2 (14. Nd1 $15) 14... c5 15. d5 Kh8 (15... a5 $1 $17 16. Ne1 Nb6) 16. Nh2 Nc7 17. c4 f6 (17... bxc3 $1 $11 18. bxc3 f6) 18. Nc1 g6 (18... Qe8 $14) 19. Nd3 $1 $16 f5 20. exf5 gxf5 21. f4 Nb6 $2 (21... e4 $6 22. Nf2 $11) (21... Qe8 $16) 22. b3 $18 e4 23. Nxb4 a5 24. Na2 (24. Nc6 Bxc6 25. dxc6 Kg8 $16) 24... Ncxd5 25. cxd5 Nxd5 {[%emt 0:01:52] [#]} 26. Qb2+ $1 Bf6 27. gxf6 Rg8+ $2 (27... Rxf6 28. Bd2 Qe7) 28. Kf2 Nxe3 29. Kxe3 d5 {[%emt 0:00:07] And now ...d4+ would win.} 30. Qe5 Re8 31. Qxf5 {[%emt 0:01:16] Black must now prevent f7.} d4+ 32. Kd2 (32. Kf2 $142 d3 33. f7 Qd4+ 34. Kg2 dxe2 35. fxe8=Q+ (35. fxe8=N exf1=B+ 36. Rxf1 Rxe8 $15) 35... Rxe8 36. Rfe1) 32... d3 {[%emt 0:00:20] Threatens to win with ...Qd4.} 33. Bxd3 $2 Qxd3+ $11 34. Kc1 Bd5 {[%emt 0:19:42] Dancing on a razor blade.} 35. f7 $2 (35. Rf3 $2 Qd4 36. Rc3 c4 $19) (35. Rd1 $11 Qe3+ 36. Rd2 Qe1+ 37. Rd1 Qe3+ 38. Rd2 Qe1+ 39. Rd1 Qe3+) 35... Qe3+ {[%emt 0:00:09] Black mates.} (35... Qxb3 36. Qf6#) 36. Kb1 Qxb3+ 37. Kc1 Qe3+ (37... Bxf7 $2 38. Qf6+ Kg8 39. Rg1+ (39. Nc3 $2 Ra6 $19) 39... Kf8 40. Nc3 $18) 38. Kc2 Qd3+ 39. Kc1 Qc4+ 40. Kd1 Qd4+ (40... Bxf7 $2 41. Qf6+ Kg8 42. Ke1 $18) 41. Kc2 {[%emt 0:00:39] [#]} Bb3+ $1 42. Kb1 {[%emt 0:01:55] [#]} Bxf7 $1 43. Qxf7 (43. Qf6+ Qxf6) 43... Rab8+ (43... Qxa4 44. Qf6+ Kg8 45. Rg1#) 44. Kc1 Qe3+ 45. Kc2 Qd3+ 46. Kc1 Qa3+ 47. Kd1 Red8+ ({Stronger than} 47... Qxa4+ 48. Ke2 (48. Ke1 $2 Qd4 $19) 48... Qd4 49. Rab1 $11 (49. Rad1 $2 {leads to mate.} Rb2+ 50. Ke1 Qe3#)) 48. Kc2 Qd3+ {[%emt 0:04:56] Weighted Error Value: White=0.69/Black=0.31} 0-1

[Event "ITT 1st Parada Jamundi 2022"]
[Site "Jamundi Valle"]
[Date "2022.12.09"]
[Round "6.15"]
[White "Vacca, Leonardo"]
[Black "Garces, Javier"]
[Result "1-0"]
[ECO "B55"]
[WhiteElo "2041"]
[BlackElo "1863"]
[Annotator "TA"]
[PlyCount "65"]
[EventDate "2022.12.05"]
[EventType "swiss"]
[EventCountry "COL"]
[SourceTitle "playchess.com"]
[Source "ChessBase"]
[SourceQuality "1"]
[TimeControl "5400+30"]

1. e4 c5 2. Nf3 d6 3. d4 cxd4 4. Nxd4 Nf6 5. Bd3 Nc6 6. Ne2 {[%emt 0:00:43] B55: Sicilian: 2...d6 3 d4 cxd4 4 Nxd4 Nf6 5 f3.} d5 7. exd5 Nxd5 {[%emt 0:00:36] [#]} 8. O-O $146 {[%emt 0:00:37] White is slightly better.} ({Predecessor:} 8. a3 Bg4 9. h3 Bh5 10. c4 Qa5+ 11. Bd2 Ndb4 12. Be4 O-O-O 13. O-O Qe5 14. Nbc3 {1-0 (26) Borda,L (2120)-Suranyi,P (2147) Budapest 2013}) 8... e6 9. a3 Bc5 10. b4 Bb6 (10... Be7 $11) 11. Bb2 Qg5 (11... O-O $14) 12. Qd2 ({Better is} 12. Nd2 $16) 12... Ne3 $1 $11 13. Ng3 h6 14. Re1 $16 Ng4 {[%emt 0:00:42] [#]} 15. Ne4 $1 $36 {[%emt 0:02:36][%mdl 2048] Keeping Black busy.} Qxd2 16. Nbxd2 {[%emt 0:00:20] Black must now prevent h3.} O-O 17. Nc4 {[%emt 0:00:51] h3 is the strong threat.} Bd4 18. c3 {[%emt 0:01:42] Prevents b5.} (18. Bxd4 $16 Nxd4 19. Rad1) 18... f5 {[%emt 0:04:57] This costs Black the game.} ({Black should try} 18... Nge5 $14 19. Nxe5 Bxe5) 19. cxd4 $18 fxe4 20. Bxe4 {[%emt 0:00:33] And now d5 would win.} Nxf2 21. d5 Nxe4 22. dxc6 Nf6 23. c7 Nd5 24. Be5 {[%emt 0:00:21] White is more active.} b5 {[%emt 0:05:26] [#]} 25. Na5 a6 26. Rac1 Bd7 27. Nb7 Rfc8 $2 (27... Ra7 {was worth a try.}) 28. Nc5 Nb6 29. Rcd1 {[%emt 0:01:04] White is clearly winning.} Be8 30. Nxe6 Nc4 {[%emt 0:00:53] Inhibits Rd6.} (30... Bf7 $142 31. Nxg7 Nc4) 31. Rd8 Nxe5 32. Rxe5 Kf7 {[%emt 0:02:37] [#]} 33. Ng5+ $1 {[%emt 0:00:27][%mdl 512] Weighted Error Value: White=0.13 (very precise) /Black=0.41} 1-0

[Event "ITT 1st Parada Jamundi 2022"]
[Site "Jamundi Valle"]
[Date "2022.12.09"]
[Round "6.16"]
[White "Hernandez Pinzon, Helvert"]
[Black "Simancas Maradei, Miguel Alejand"]
[Result "0-1"]
[ECO "B80"]
[WhiteElo "1835"]
[BlackElo "2027"]
[Annotator "TA"]
[PlyCount "58"]
[EventDate "2022.12.05"]
[EventType "swiss"]
[EventCountry "COL"]
[SourceTitle "playchess.com"]
[Source "ChessBase"]
[SourceQuality "1"]
[TimeControl "5400+30"]

1. e4 c5 2. Nf3 d6 3. d4 cxd4 4. Nxd4 Nf6 5. Nc3 a6 6. Be3 e6 7. f3 b5 8. g4 Bb7 9. Qd2 Nfd7 {[%emt 0:01:22] 9...Nfd7 is better than 9...h6.} 10. h4 {[%emt 0:05:00] B80: Sicilian Scheveningen: 6 g3 and 6 Be3, including English Attack.} (10. a3 $14) 10... Nb6 (10... Ne5 $5 ) 11. g5 N8d7 12. Bd3 {[%emt 0:04:10] [#] The position is equal.} d5 $146 ({Predecessor:} 12... b4 13. Nce2 d5 14. exd5 Bxd5 15. Rf1 Ne5 16. b3 Bd6 17. O-O-O Bb7 18. f4 Nxd3+ 19. Qxd3 {0-1 (51) Marczuk,A (1931)-Korpalski,M (1968) Lazy 2016}) 13. exd5 Nxd5 14. Nxd5 Bxd5 15. Be4 Bxe4 16. fxe4 Qc7 17. O-O-O Bc5 18. h5 Rc8 (18... Nb6 $11 {keeps the balance.}) 19. g6 $16 O-O 20. h6 (20. Bf4 $1 $16 Bd6 21. Bxd6 Qxd6 22. gxh7+ (22. h6 fxg6 23. hxg7 Rf7 $11) 22... Kxh7 23. Rhg1) 20... fxg6 $11 {[%emt 0:00:00] aiming for ...e5.} (20... hxg6 $2 21. hxg7 Bd6 22. gxf8=N $18) 21. hxg7 (21. Nxe6 $2 Bxe3 22. Nxc7 Bxd2+ 23. Rxd2 Rxc7 $19) 21... Rf6 22. Kb1 e5 $2 {[%emt 0:00:00][%mdl 8192] [#]} (22... Ne5 $1 $11 {and Black stays safe.}) 23. Nb3 $4 ({Not} 23. Qh2 h5 $11) (23. Nf5 $1 $18 {[%mdl 512] was the only winning move.} gxf5 24. Qh2 $1 (24. Qd5+ Rf7 $17)) 23... Rd6 $19 {[%emt 0:00:00] Prevents Qd5+.} 24. Qe2 {[%emt 0:24:46] Bh6 is the strong threat.} Rxd1+ ({Worse is} 24... Kxg7 25. Nxc5 Nxc5 26. Rd5 $11) 25. Qxd1 {[%emt 0:00:02] Hoping for Bh6.} Bxe3 26. Qd5+ Kxg7 27. Qe6 Nf8 28. Qh3 Qxc2+ 29. Ka1 {[%emt 0:00:01] [#]} Bd4 {[%emt 0:00:00] Weighted Error Value: White=1.35/Black=0.30} (29... Bc1 $142 $1 30. Qh6+ Bxh6 31. Nd2 Bxd2 32. a4 Bc1 33. Rxc1 Qxc1+ 34. Ka2 Rc2 35. axb5 Qxb2#) 0-1

[Event "ITT 1st Parada Jamundi 2022"]
[Site "Jamundi Valle"]
[Date "2022.12.09"]
[Round "6.17"]
[White "Navia Alvarez, Edwin Adrian"]
[Black "Valencia, Dario"]
[Result "1-0"]
[ECO "B38"]
[WhiteElo "2023"]
[BlackElo "1841"]
[Annotator "TA"]
[PlyCount "85"]
[EventDate "2022.12.05"]
[EventType "swiss"]
[EventCountry "COL"]
[SourceTitle "playchess.com"]
[Source "ChessBase"]
[SourceQuality "1"]
[TimeControl "5400+30"]

1. e4 c5 2. Nf3 a6 3. c4 d6 4. d4 cxd4 5. Nxd4 Nf6 6. Nc3 Nc6 7. Be2 g6 8. Be3 Bg7 9. O-O O-O 10. h3 Bd7 11. Qc2 {[%emt 0:08:27] B38: Sicilian: Maroczy Bind with 5...Bg7 and 7...0-0.} Rc8 12. Rad1 Qa5 13. Nb3 {[%emt 0:03:42] White is slightly better.} Qc7 {[%emt 0:00:00] [#]} 14. f4 $146 ({Predecessor:} 14. Rc1 Ne5 15. c5 dxc5 16. Nxc5 Bc6 17. f4 Ned7 18. Nxd7 Nxd7 19. Nd5 Qd8 20. Qb3 e6 21. Nb6 Nxb6 22. Bxb6 Bd4+ 23. Bxd4 Qxd4+ 24. Kh2 Qxe4 25. Rce1 Qxg2# {0-1 (25) Escudero Donoso,F (2119)-Virtanen,T (2284) Chess.com INT 2022}) 14... Na5 15. c5 (15. Nxa5 $14 Qxa5 16. Qb3) 15... Nxb3 $11 16. cxd6 exd6 {[%emt 0:00:00] [#] aiming for ...Nc5.} 17. Qxb3 b5 18. Qa3 Rfe8 19. Bf3 Bc6 20. Nd5 ({Better is} 20. Qxa6 $11 Nxe4 21. Nxb5 Bxb5 22. Qxb5) 20... Bxd5 $15 21. exd5 b4 22. Qd3 Qc4 {[%emt 0:00:00] Against Rc1} 23. Qxc4 Rxc4 24. Rd4 Rc2 (24... Rxd4 {simplifies} 25. Bxd4 Nd7 26. Bxg7 Kxg7 27. Kf2 Rc8) 25. Rf2 Rcc8 26. Re2 a5 27. Kf2 Nd7 28. Re4 Rxe4 29. Bxe4 f5 (29... Nc5 $5 30. Bxc5 Rxc5 $11) 30. Bd3 Nf6 31. Rc2 Rxc2+ 32. Bxc2 $11 {[%emt 0:00:01][%mdl 4096] Endgame KBB-KBN} Nd7 {[%emt 0:00:13] Prevents Bb6.} (32... Nxd5 $2 33. Bb3 $18) 33. b3 Nc5 (33... Nf6 $11) 34. Ke2 Kf7 35. g4 fxg4 $1 36. hxg4 Bc3 37. g5 Kg7 38. Kf3 Kf7 39. Kg4 Nd7 40. Bb1 Kg7 41. Bd3 Bb2 42. Bb5 Nc5 43. f5 {[%emt 0:02:19] Weighted Error Value: White=0.10 (very precise) /Black=0.13 (very precise)} 1-0

[Event "ITT 1st Parada Jamundi 2022"]
[Site "Jamundi Valle"]
[Date "2022.12.09"]
[Round "6.18"]
[White "Borrero, Alexander"]
[Black "Hernandez Bermudez, Manuela"]
[Result "1-0"]
[ECO "B51"]
[WhiteElo "1988"]
[BlackElo "1815"]
[Annotator "TA"]
[PlyCount "77"]
[EventDate "2022.12.05"]
[EventType "swiss"]
[EventCountry "COL"]
[SourceTitle "playchess.com"]
[Source "ChessBase"]
[SourceQuality "1"]
[TimeControl "5400+30"]

1. e4 c5 2. Nf3 d6 3. Bb5+ Nd7 4. d4 cxd4 5. Nxd4 a6 6. Bxd7+ {[%emt 0:06:11] B51: Sicilian: Moscow Variation (3 Bb5+) without 3...Bd7.} Bxd7 7. Nc3 g6 {[%emt 0:04:01] [#]} 8. Qd3 $146 {[%emt 0:08:37] The position is equal.} ({Predecessor:} 8. Be3 Bg7 9. O-O Rc8 10. Qd2 Nf6 11. f3 b5 12. a3 O-O 13. Kh1 Rc4 14. Rad1 {½-½ (31) Lauer,F (1203)-Slavin,P (1265) LSS email 2015}) 8... Bg7 9. Be3 Nf6 10. f3 {[%emt 0:00:25] Prevents Ng4.} O-O 11. g4 Bc6 (11... Be6 {simplifies} 12. Qd2 d5 13. Nxe6 fxe6 14. O-O-O dxe4 15. Nxe4 Nxe4 16. Qxd8 Raxd8 17. fxe4 Rxd1+ 18. Rxd1 Rf3) 12. O-O-O Qb8 (12... Qc7 $14) 13. h4 (13. Qd2 $16) 13... d5 $1 $11 14. h5 (14. g5 $11 dxe4 15. fxe4) 14... dxe4 $15 15. fxe4 (15. Nxe4 $11 Nxe4 16. hxg6 hxg6 17. fxe4) 15... Qe5 ({Black should play} 15... Nxg4 $17 16. hxg6 fxg6) 16. hxg6 $14 fxg6 (16... hxg6 $11 {and Black is okay.} 17. Nxc6 bxc6) 17. Nxc6 $2 (17. Qc4+ $18 Rf7 18. Ne6 (18. Nxc6 bxc6 19. Qxc6 Raf8 $16) 18... Nxe4 19. Bd4) 17... bxc6 $11 18. Bd4 Qg5+ 19. Kb1 Qxg4 $2 (19... Nxg4 $11 20. Qc4+ (20. Qh3 h5 $17) 20... Kh8) 20. Qc4+ $16 Kh8 21. Rdg1 $36 {[%emt 0:03:53][%mdl 3072] White has strong compensation. White is in control.} (21. Qxc6 $6 Qc8 22. Qa4 Qe6 $14) 21... Qf3 22. Rf1 (22. Qe6 {looks sharper.} Rad8 23. Be5 Rd2 24. a3) 22... Qg4 23. Rhg1 {[%emt 0:02:34] White is more active.} Qh3 24. Rh1 (24. Qxc6 Rfc8 25. Qb7 Qd7 26. Qxd7 Nxd7 $11) ({White should try} 24. Ne2 $16) 24... Qg2 (24... Qg4 $11 {keeps the balance.}) 25. Qe6 (25. Qxc6 $2 Nxe4 $1 $19 ) 25... Rae8 $1 26. a3 (26. Qxc6 $2 Nxe4 $1 $19 ) 26... Nh5 (26... Qg4 $16 27. Qc4 (27. Qxc6 e5 $14) 27... e5) 27. Rfg1 $18 Qf3 28. Bxg7+ Kxg7 {[%emt 0:00:01] [#]} 29. Qe5+ ({Don't do} 29. Qxc6 $6 Qf6 30. Qc5 Nf4 $16) 29... Kh6 $2 (29... Nf6 30. Qg5 (30. Rf1 Qe3 $16) 30... Kh8 31. Qxg6 Rg8) 30. Qg5+ {[%emt 0:00:35][%mdl 64] Deflection} Kg7 31. Rxh5 {[%emt 0:00:39] White is clearly winning.} Qxh5 32. Qxh5 Rf1+ 33. Ka2 Rxg1 34. Qe5+ Kf7 35. Ne2 Rg4 36. Nd4 {[%emt 0:01:40] Hoping for Qe6+.} h5 37. Nxc6 h4 38. Qd4 (38. Qd5+ $142 Kf6 39. Qd7 Rxe4 40. Qxe8) 38... Kg8 39. Qd7 {[%emt 0:00:14][%csl LRe7,LRe8,LRg4] Weighted Error Value: White=0.35/Black=0.56} 1-0

[Event "ITT 1st Parada Jamundi 2022"]
[Site "Jamundi Valle"]
[Date "2022.12.08"]
[Round "6.19"]
[White "Idrobo, Juan Manuel"]
[Black "Cortes Castro, Jhonny"]
[Result "0-1"]
[ECO "B13"]
[WhiteElo "1809"]
[BlackElo "1954"]
[Annotator "TA"]
[PlyCount "54"]
[EventDate "2022.12.05"]
[EventType "swiss"]
[EventCountry "COL"]
[SourceTitle "playchess.com"]
[Source "ChessBase"]
[SourceQuality "1"]
[TimeControl "5400+30"]

1. e4 c6 2. Nf3 d5 3. exd5 cxd5 4. d4 Bf5 5. Bb5+ Nd7 6. O-O {[%emt 0:00:37] B13: Caro-Kann: Exchange Variation and Panov-Botvinnik Attack.} Ngf6 7. Bf4 a6 8. Bd3 {[%emt 0:02:15] The position is equal.} Bxd3 9. Qxd3 e6 10. Nbd2 Be7 {[%emt 0:00:13] [#]} 11. Rae1 $146 ({Predecessor:} 11. c3 O-O 12. Rfe1 Rc8 13. Bg5 Re8 14. Ne5 Nxe5 15. dxe5 Nd7 16. Bxe7 Qxe7 17. Nf3 Nc5 18. Qe3 Ne4 19. Rad1 Qc5 20. Rd4 Qb6 21. Rxe4 Qxb2 22. Rb4 {1-0 (22) Vidic,S (2271)-Horvat,S (2075) Subotica 2007}) 11... O-O 12. Ne5 Rc8 13. Re3 Nxe5 14. Bxe5 Ng4 (14... Qb6 {simplifies} 15. Nb3 Qb5 16. Bxf6 Bxf6 17. c3 Qxd3 18. Rxd3 Be7) 15. Rh3 g6 16. Bf4 Bd6 17. Bh6 (17. Bxd6 $11 Qxd6 18. c3) 17... Nxh6 $17 18. Rxh6 {[%emt 0:00:19] [#]} Bf4 $1 19. Rh3 Bg5 (19... Qa5 $17 20. Nf3 Qxa2) 20. f4 Bf6 (20... Be7 $5 ) 21. Nf3 {[%emt 0:00:52] [#]} (21. c3 $11 {keeps the balance.}) 21... Qb6 $1 $36 {[%emt 0:01:30][%mdl 2048] Black is in control.} 22. b3 Qa5 {[%emt 0:01:51] Prevents c3. Threatens to win with ...Rc3.} 23. Ng5 {[%emt 0:06:27] [#]} Rc3 $3 24. Qd2 Rfc8 {[%emt 0:00:58][%cal Oa5b6] White must now prevent ...Qb6!} 25. Nxh7 Bg7 {[%emt 0:00:02][%cal Oa5b6] ...Qb6! is the strong threat. Black is more active.} 26. Rff3 $2 (26. Rd1 $17) 26... Rxf3 {[%emt 0:00:00][%mdl 64] Discovered Attack} 27. Qxa5 Bxd4+ {[%emt 0:00:00] Weighted Error Value: White=0.72/Black=0.11 (very precise)} 0-1

[Event "ITT 1st Parada Jamundi 2022"]
[Site "Jamundi Valle"]
[Date "2022.12.09"]
[Round "6.20"]
[White "Mena Ardila, Alexander"]
[Black "Castro Castro, Joaquin"]
[Result "1-0"]
[ECO "A05"]
[WhiteElo "1956"]
[BlackElo "1797"]
[Annotator "TA"]
[PlyCount "87"]
[EventDate "2022.12.05"]
[EventType "swiss"]
[EventCountry "COL"]
[SourceTitle "playchess.com"]
[Source "ChessBase"]
[SourceQuality "1"]
[TimeControl "5400+30"]

1. Nf3 Nf6 2. g3 g6 3. Bg2 Bg7 4. O-O O-O 5. d3 d6 6. e4 c5 7. c3 Nc6 8. Nbd2 Rb8 9. a4 a6 10. Qe2 {[%emt 0:04:15] A05: Réti Opening: 1 Nf3 Nf6.} b5 11. axb5 axb5 {[%emt 0:00:17] [#]} 12. Rd1 $146 {[%emt 0:05:01] The position is equal.} ({Predecessor:} 12. e5 dxe5 13. Nxe5 Nxe5 14. Qxe5 Nd7 15. Qf4 b4 16. Ne4 bxc3 17. bxc3 Bb7 18. Ra3 {½-½ (38) Safin,S (2510)-Garcia Ilundain,D (2520) Yerevan 1996}) 12... Qc7 13. Nf1 Bg4 14. h3 Bxf3 15. Qxf3 Ne5 16. Qe2 c4 17. d4 Nd3 18. Be3 Nd7 19. Ra2 Ra8 20. b3 Rxa2 21. Qxa2 Nb6 (21... e5 $1 $14) 22. bxc4 $16 Ra8 23. Qc2 {[%emt 0:01:51] aiming for e5.} bxc4 24. Nd2 Ra3 25. Nxc4 Nxc4 $11 26. Qxd3 Nb2 $2 {[%emt 0:00:48][%mdl 8192] [#] A mistake that costs the game.} (26... Nxe3 $11 {and Black has nothing to worry.} 27. Qxe3 Rxc3) 27. Qb5 $1 $18 {[%emt 0:00:09] Intending Qe8+ and mate.} Rxc3 (27... Nxd1 {is a self mate.} 28. Qe8+ Bf8 29. Bh6) 28. Qxb2 Rc2 29. Qa3 h5 30. d5 Qb7 31. Qa4 Qc8 32. Rb1 Kh7 33. Qa7 Bf6 (33... Rc7 $142 34. Qa5 Rc4) 34. Qb7 Qc4 35. g4 hxg4 36. hxg4 Qe2 37. Qb5 {[%emt 0:05:31] Strongly threatening Qe8.} Qxg4 38. Qa4 Qe2 {[%emt 0:05:24] [#]} (38... Rb2 39. Rxb2 Bxb2) 39. Bf3 $1 {[%emt 0:03:53][%mdl 512] White threatens Qe8 and mate.} Ra2 (39... Qxf3 40. Qxc2) 40. Qe8 {[%emt 0:02:34] White mates.} Qd3 41. Qxf7+ Bg7 42. Rb8 Ra1+ 43. Kh2 g5 44. Qf5+ {[%emt 0:00:39] Weighted Error Value: White=0.27 (precise) /Black=0.74} 1-0

[Event "ITT 1st Parada Jamundi 2022"]
[Site "Jamundi Valle"]
[Date "2022.12.09"]
[Round "6.21"]
[White "Luligo Bejarano, Luis Angel"]
[Black "Franco, Jhonier"]
[Result "1/2-1/2"]
[ECO "B12"]
[WhiteElo "1675"]
[BlackElo "1900"]
[Annotator "TA"]
[PlyCount "90"]
[EventDate "2022.12.05"]
[EventType "swiss"]
[EventCountry "COL"]
[SourceTitle "playchess.com"]
[Source "ChessBase"]
[SourceQuality "1"]
[TimeControl "5400+30"]

1. e4 c6 2. d4 d6 3. f4 Qc7 4. Nf3 Nd7 5. Bc4 e6 6. O-O {[%emt 0:02:26] White is more active. B12: Caro-Kann: Advance Variation.} d5 7. exd5 cxd5 8. Bd3 {[%emt 0:00:37] [#] White is slightly better.} Ngf6 $146 ({Predecessor:} 8... Bd6 9. f5 exf5 10. Bxf5 Ndf6 11. Bxc8 Rxc8 12. Nc3 a6 13. Bg5 h6 14. Qe1+ Kf8 15. Bxf6 Nxf6 {1-0 (59) Kolas,T-Opdahl,H Norway 1993}) 9. Qe2 Bd6 (9... Nb8 $14) 10. f5 $16 O-O 11. fxe6 fxe6 {[%emt 0:00:14] [#] And now ...e5 would win.} 12. Nc3 a6 (12... Qb6 $16) 13. Qxe6+ $18 Kh8 {[%emt 0:00:17][%cal Od7e5] White must now prevent ...Ne5!} 14. Nxd5 Nxd5 15. Qxd5 b5 (15... Nf6 {is a better defense.} 16. Qg5 Be6) 16. Qe4 ({Don't play} 16. Qxa8 Bb7 $18) 16... Nf6 17. Qh4 Bb7 18. Bg5 h6 {[%emt 0:00:19] [#]} 19. Bxh6 $1 gxh6 20. Qxh6+ Kg8 21. Ng5 {[%emt 0:00:34] The board is on fire.} Qg7 22. Qxg7+ Kxg7 23. Ne6+ Kf7 24. Nxf8 Rxf8 25. Rae1 Rg8 26. Be4 Bxe4 27. Rxe4 Rg5 28. Re2 Bf8 29. Re5 Rg4 30. c3 Bd6 31. Ref5 Be7 32. a4 bxa4 33. Ra5 Re4 34. Rxa4 ({Much less strong is} 34. Rxa6 Re2 35. Rxa4 Rxb2 $18) 34... Re2 35. Rxa6 Rxb2 36. g4 ({Less strong is} 36. Ra7 Re2 37. g3 Ke8 $18) 36... Kg6 {[%emt 0:01:12] Prevents g5.} 37. h4 {[%emt 0:03:10][%cal Bh2h4,Bh4h5,Bh5h6][%mdl 32] g5 is the strong threat.} Kg7 38. Re6 Rb7 39. Rf5 Ng8 (39... Nxg4 $142 40. c4 Nf6) 40. g5 Rb2 41. h5 Rc2 42. h6+ Kh8 43. Rxe7 Nxe7 44. Rf8+ Ng8 45. g6 $2 (45. Rc8 $18) 45... Rg2+ {[%emt 0:00:28][%mdl 64] Weighted Error Value: White=0.19 (very precise) /Black=0.37} 1/2-1/2

[Event "ITT 1st Parada Jamundi 2022"]
[Site "Jamundi Valle"]
[Date "2022.12.09"]
[Round "6.22"]
[White "Estrada Velandia, Henry Andres"]
[Black "Galan Palacio, Anjaly Daniela"]
[Result "1-0"]
[ECO "D00"]
[WhiteElo "1883"]
[BlackElo "1758"]
[Annotator "NA RC COMBH"]
[PlyCount "101"]
[EventDate "2022.12.05"]
[EventType "swiss"]
[EventCountry "COL"]
[SourceTitle "playchess.com"]
[Source "ChessBase"]
[SourceQuality "1"]
[TimeControl "5400+30"]

1. d4 Nf6 2. e3 e6 3. Bd3 d5 4. Ne2 c5 5. c3 Nc6 6. f4 c4 7. Bc2 Ng4 8. O-O Bd6 9. h3 Nf6 10. Nd2 O-O 11. Ng3 Ne7 12. e4 dxe4 13. Nxc4 Qc7 14. Ne5 Ng6 15. Nxe4 Nxe4 16. Bxe4 f5 17. Bc2 Qb6 18. Kh2 Rd8 19. Qh5 Nxe5 20. fxe5 Be7 21. Bb3 a5 22. Bg5 g6 23. Qh4 Bxg5 24. Qxg5 Rf8 {[%emt 0:02:19] [#]} 25. g4 $1 Kg7 $2 (25... a4 $2 26. gxf5 Qd8 27. Qh6 $18) (25... Kh8 26. Qh6 (26. Qe7 Qd8 $18) 26... Rg8) 26. gxf5 Qd8 27. Qxd8 Rxd8 28. fxe6 a4 29. Rf7+ Kh6 30. e7 Re8 31. Bc4 Ra5 32. Rf8 $18 Bd7 33. e6 Rxe7 34. exd7 Rxd7 35. Rf7 Rxf7 36. Bxf7 Rf5 37. Be8 Rf2+ 38. Kg3 Rxb2 39. Bxa4 Rd2 40. Bb5 Kg5 41. h4+ Kh5 42. a4 Rc2 43. c4 Rd2 44. d5 Rd3+ 45. Kf4 Rd4+ 46. Ke5 Rxh4 47. d6 Rh2 48. Rd1 Re2+ 49. Kd4 Rf2 50. d7 Rf8 51. Ke4 1-0

[Event "ITT 1st Parada Jamundi 2022"]
[Site "Jamundi Valle"]
[Date "2022.12.09"]
[Round "6.23"]
[White "Rodriguez Vila, Andres"]
[Black "Chavarro, Jeffry"]
[Result "0-1"]
[ECO "B28"]
[WhiteElo "2442"]
[BlackElo "2020"]
[Annotator "TA"]
[PlyCount "62"]
[EventDate "2022.12.05"]
[EventType "swiss"]
[EventCountry "COL"]
[SourceTitle "playchess.com"]
[Source "ChessBase"]
[SourceQuality "1"]
[TimeControl "5400+30"]

1. e4 c5 2. Nf3 a6 3. d4 cxd4 4. Nxd4 Nf6 5. Nc3 e5 6. Nb3 Bb4 7. Bd3 d5 8. exd5 Nxd5 9. Bd2 Nxc3 10. bxc3 Be7 {[%emt 0:00:16] B28: Sicilian: 2 Nf3 a6 (O'Kelly Variation).} 11. O-O Nc6 12. Qe2 O-O {[%emt 0:02:12] The position is equal.} 13. Qh5 g6 {[%emt 0:00:18] [#]} 14. Qh6 $146 ({Predecessor:} 14. Qe2 Qc7 15. f4 exf4 16. Bxf4 Bd6 17. Bxd6 Qxd6 18. Rad1 Qe5 19. Nd4 Qxe2 20. Bxe2 {½-½ (55) Sztepa,S (2085)-Bordos,J (2110) Eger 1999}) 14... Re8 15. Rfe1 Bf8 16. Qe3 Qc7 17. g3 (17. Rab1 $15) 17... Bh3 18. Bf1 (18. Rab1 $15) 18... Bxf1 $17 19. Kxf1 Rad8 20. Rad1 Na5 {[%emt 0:07:51][%cal Bc6a5,Ba5c4,Bc4b2][%mdl 32] Black is more active.} 21. Qf3 Nc4 22. Bg5 {[%emt 0:03:21] Prevents a5.} Rxd1 23. Rxd1 Bg7 (23... e4 $17 24. Qe2 Bg7) 24. Qe4 (24. Qd5 $15) 24... h6 25. Be3 Nb2 26. Re1 Qxc3 ({Black should try} 26... b5 $17 27. Nc5 Rd8) 27. Qxb7 a5 28. Qb5 {[%emt 0:01:53] Prevents a4.} Ra8 29. Rc1 {[%emt 0:02:32] [#]} (29. Qb7 $11 {remains equal.} Re8 30. Nxa5) 29... Nc4 $1 30. Qc5 {[%emt 0:00:27] [#]} a4 (30... Bf8 $1 $19 31. Qd5 Nxe3+ 32. fxe3 Rc8) 31. Na1 $2 (31. Kg1 $1 $15) 31... Bf8 {[%emt 0:00:57] Weighted Error Value: White=0.48/Black=0.23 (precise)} 0-1

[Event "ITT 1st Parada Jamundi 2022"]
[Site "Jamundi Valle"]
[Date "2022.12.09"]
[Round "6.24"]
[White "Sanchez Barreto, Josue Efrain"]
[Black "Hernandez Jimenez, Xavi"]
[Result "0-1"]
[ECO "D02"]
[WhiteElo "1349"]
[BlackElo "1678"]
[Annotator "NA RC COMBH"]
[PlyCount "60"]
[EventDate "2022.12.05"]
[EventType "swiss"]
[EventCountry "COL"]
[SourceTitle "playchess.com"]
[Source "ChessBase"]
[SourceQuality "1"]
[TimeControl "5400+30"]

1. d4 d5 2. Bf4 Bf5 3. e3 Nf6 4. Nd2 e6 5. Ngf3 Bd6 6. Ne5 O-O 7. c4 c6 8. Be2 Ne4 9. c5 Bc7 10. Ndf3 Ba5+ 11. Kf1 f6 12. Nd3 Nd7 13. b4 Bc7 14. Nh4 Bg6 15. Nxg6 hxg6 16. Bxc7 Qxc7 17. Nf4 Kf7 18. f3 Ng5 19. Qc2 f5 20. h4 Rh8 21. Kf2 e5 22. Nxg6 Kxg6 23. hxg5 exd4 24. exd4 Qf4 25. Qd3 Rh2 26. Rxh2 Qxh2 27. Qe3 Qh4+ 28. Kg1 Rh8 29. Qe6+ Nf6 30. gxf6 Qxd4+ 0-1